 Dungeon Crawl Stone Soup version 0.23.2-33-g5129a83184 (webtiles) character file.

Game seed: 13303193440337212922

18323 DildoBatman the Tainter (level 12, -1/86 HPs)
             Began as a Formicid Wizard on July 5, 2019.
             Was an Elder of Kikubaaqudgha.
             Slain by a troll (17 damage)
             ... on level 2 of the Orcish Mines.
             The game lasted 01:07:21 (13501 turns).

DildoBatman the Tainter (Formicid Wizard)          Turns: 13501, Time: 01:07:22

Health: -1/86      AC: 12    Str: 13    XL:     12   Next: 93%
Magic:  18/21      EV: 13    Int: 22    God:    Kikubaaqudgha [****..]
Gold:   1217       SH:  6    Dex: 15    Spells: 6/23 levels left

rFire    . . .     SeeInvis +   a - +6 short sword (elec)
rCold    . . .     Gourm    +   u - +0 buckler
rNeg     . . .     Faith    .   o - +4 troll leather armour
rPois    .         Spirit   .   (helmet unavailable)
rElec    .         Reflect  .   (no cloak)
rCorr    +         Harm     .   P - +0 pair of gloves
MR       +....                  (no boots)
Stlth    +++.......             L - amulet of the gourmand
HPRegen  1.64/turn              l - ring of resist corrosion
MPRegen  0.17/turn              U - +4 ring of dexterity

@: regenerating
A: permanent stasis, dig shafts and tunnels, four strong arms, antennae 3, icy
blue scales 1, agile 1, no potion heal 1, sturdy frame 1
a: Dig, Shaft Self, Receive Corpses, Renounce Religion


You were on level 2 of the Orcish Mines.
You worshipped Kikubaaqudgha.
Kikubaaqudgha was greatly pleased with you.
You were very full.

You visited 3 branches of the dungeon, and saw 13 of its levels.
You also visited: Sewer and Ossuary.

You collected 1217 gold pieces.

Inventory:

Hand Weapons
 a - a +6 short sword of electrocution (weapon)
 b - a +4 spear
 c - a +0 blowgun
Missiles
 d - 278 stones (quivered)
 i - 60 bolts
 r - 131 arrows
 t - 3 throwing nets
 F - 74 poisoned needles
 G - 20 tomahawks
 R - 8 javelins
 V - 23 sling bullets
Armour
 k - a +0 troll leather armour
 o - a +4 troll leather armour (worn)
 p - a +0 shield
 u - a +0 buckler (worn)
 P - a +0 pair of gloves (worn)
Jewellery
 l - a ring of resist corrosion (left hand)
 L - an amulet of the gourmand (around neck)
 U - a +4 ring of dexterity (right hand)
 W - an uncursed ring of protection from cold
Wands
 g - a wand of flame (42)
 I - a wand of acid (6)
 T - a wand of digging (5)
Scrolls
 e - 2 scrolls of fog {unknown}
 f - 5 scrolls of amnesia
 n - a scroll of brand weapon {unknown}
 x - 3 scrolls of remove curse
 y - 3 scrolls of fear
 A - 3 scrolls of enchant armour
 C - 3 scrolls of magic mapping
 J - 4 scrolls of immolation
 N - a scroll of enchant weapon
Potions
 h - 4 potions of curing
 j - 4 potions of heal wounds
 m - a potion of lignification {unknown}
 q - a potion of ambrosia {unknown}
 s - 5 potions of brilliance
 w - 3 potions of berserk rage {unknown}
 B - 2 potions of agility
 D - 4 potions of flight {unknown}
 E - 3 potions of might {unknown}
 H - 2 potions of haste {unknown}
 M - a potion of invisibility {unknown}
 O - a potion of cancellation {unknown}
Comestibles
 v - 13 rations
 z - 25 chunks of flesh


   Skills:
 - Level 5.0 Fighting
 - Level 4.1 Short Blades
 - Level 4.0 Polearms
 - Level 5.0 Armour
 - Level 3.0 Dodging
 - Level 6.1 Stealth
 - Level 6.0 Shields
 - Level 6.0 Spellcasting
 - Level 6.0 Conjurations
 - Level 4.0 Charms
   Level 1.0 Summonings
 * Level 7.1 Necromancy
   Level 0.8 Translocations
 - Level 4.2 Fire Magic
 - Level 4.0 Air Magic
 * Level 6.4 Earth Magic
 - Level 8.0 Poison Magic
 - Level 6.0 Evocations


You had 6 spell levels left.
You knew the following spells:

 Your Spells              Type           Power        Failure   Level  Hunger
a - Conjure Flame         Conj/Fire      ####....     3%          3    #......
b - Borgnjor's Vile Clut  Necr/Erth      #####.....   16%         5    #####..
c - Magic Dart            Conj           ####         1%          1    None
d - Regeneration          Chrm/Necr      ####......   2%          3    #......
e - Mephitic Cloud        Conj/Pois/Air  ####....     2%          3    #......
z - Sublimation of Blood  Necr           #####.....   1%          2    None

Your spell library contained the following spells:

 Spells                   Type           Power        Failure   Level  Hunger
 Pain                     Necr           ####         1%          1    None
 Corpse Rot               Necr           N/A          1%          2    None
 Animate Dead             Necr           N/A          4%          4    ###....
 Call Imp                 Summ           ##......     10%         2    None
 Slow                     Hex            #.......     14%         2    None
 Agony                    Necr           #####...     14%         5    #####..
 Dispel Undead            Necr           #####...     14%         5    #####..
 Simulacrum               Ice/Necr       ###.......   97%         6    ######.
 Blink                    Tloc           Unusable     N/A         2    N/A

Dungeon Overview and Level Annotations

Branches:
Dungeon (10/15)            Temple (1/1) D:4            Lair (0/6) D:8
    Orc (2/2) D:9             Elf (0/3) Orc:2

Altars:
Ashenzari
Cheibriados
Dithmenos
Elyvilon
Fedhas
Gozag
Hepliaklqana
Kikubaaqudgha
Makhleb
Nemelex Xobeh
Okawaru
Qazlal
Ru
Sif Muna
Trog
Uskayaw
Vehumet
Wu Jian
Xom
Yredelemnul
Zin
The Shining One

Shops:
D:4 =   D:6 :   D:9 [

Annotations:
D:7 exclusion: moth of wrath


Innate Abilities, Weirdness & Mutations

You cannot be hasted, slowed, berserked, paralysed or teleported.
You can dig through walls and to a lower floor.
Your four strong arms can wield two-handed weapons with a shield.
You have a pair of large antennae on your head. (SInv)
You are partially covered in icy blue scales. (AC +2)
You are agile. (Dex +2)
Potions are less effective at restoring your health.
Your movements are slightly less encumbered by armour. (ER -2)


Message History

The troll barely misses you. You block the ogre's attack.
You block the troll's attack. x2
The troll claws you. The troll bites you! The troll claws you.
The troll claws you but does no damage.
The two-headed ogre hits you with a +0 giant club!
The two-headed ogre barely misses you. The troll bites you!
The troll claws you but does no damage. The troll claws you.
There is a stone staircase leading up, spattered with blood here.
You block the ogre's attack. The troll bites you but does no damage.
The troll claws you. The troll claws you but does no damage.
The troll bites you!
You die...
Kikubaaqudgha rasps: "You have failed me!
Welcome... death!"

#.$... #....##.## ##....#
##...###O## ##.....#
######$..#.##.##
.#....$.###)#..#...#.###.#
........).$#)..........#O.
...........##.............
...........#.........{O##.
......#..OTT.....$...{{.#..
..... #..#@To.....###{...$$
....# ####OOo....###{......
.....##...Oh..$...#.O......
...........<#O.T..T........
#.........(#..$...4...#..$
.#..{..O............$..##..
#......<.##...........#.#..
##...O..####.#$.......### .
##....#. ###........#


You could see an orc high priest, a two-headed ogre, 4 trolls, a warg, 6 ogres
and an orc.

Vanquished Creatures
  Harold (D:7)
  5 two-headed ogres
  An unseen horror (D:8)
  A deep troll (Orc:1)
  Pikel (D:8)
  An orc knight (Orc:1)
  2 orc sorcerers (Orc:1)
  A cyclops (Orc:2)
  An elephant (D:8)
  Joseph (D:8)
  A centaur skeleton (D:10)
  6 trolls
  3 hippogriffs
  6 yaks
  A wraith (D:9)
  2 wyverns
  A steam dragon (D:9)
  2 hungry ghosts
  2 insubstantial wisps (D:9)
  3 wargs (Orc:1)
  Duvessa (D:3)
  A water moccasin (D:8)
  11 orc warriors
  An eye of draining (D:8)
  17 ogres
  An ice beast (D:8)
  6 sky beasts
  2 slaves (D:8)
  3 black bears
  3 phantoms
  A necrophage (D:6)
  A centaur (D:6)
  2 crocodiles (D:8)
  Blork the orc (D:5)
  6 bullfrogs
  A gnoll sergeant (D:4)
  5 scorpions
  Dowan (D:3)
  6 killer bees
  A howler monkey (D:8)
  A bullfrog zombie (D:9)
  3 hounds
  A gnoll shaman (D:5)
  6 orc priests
  6 iguanas
  Ijyb (D:4)
  15 orc wizards
  Terence (D:3)
  3 worker ants
  3 big kobold zombies (Ossuary)
  3 mummies (Ossuary)
  Robin (D:2)
  A howler monkey zombie (D:6)
  12 gnolls
  19 adders
  2 shadow imps (D:9)
  2 adder skeletons
  6 worms
  A dart slug (D:1)
  4 leopard geckos
  43 orcs
  4 ball pythons
  11 bats
  A bat skeleton (D:2)
  10 giant cockroaches
  3 gnoll zombies (Ossuary)
  15 goblins
  6 hobgoblins
  13 jackals
  3 quokkas
  15 frilled lizards
  19 kobolds
  A leopard gecko skeleton (D:7)
  2 orc zombies (Ossuary)
  8 rats
  7 plants (Sewer)
365 creatures vanquished.

Vanquished Creatures (others)
  2 slaves (D:8)
  An orc priest (D:8)
  An orc (D:8)
  A plant (D:4)
5 creatures vanquished.

Grand Total: 370 creatures vanquished

Notes
Turn   | Place    | Note
-------+----------+-------------------------------------------
     0 | D:1      | DildoBatman the Formicid Wizard began the quest for the
                  | Orb.
     0 | D:1      | Reached XP level 1. HP: 13/13 MP: 4/4
    22 | D:1      | Reached skill level 1 in Conjurations
   218 | D:1      | Reached XP level 2. HP: 19/19 MP: 4/6
   536 | D:1      | Reached XP level 3. HP: 6/24 MP: 0/7
   541 | D:1      | Learned a level 3 spell: Conjure Flame
   545 | D:1      | Learned a level 3 spell: Mephitic Cloud
  1168 | D:2      | Reached XP level 4. HP: 27/30 MP: 6/8
  1889 | D:3      | Noticed Robin
  1983 | D:3      | Reached XP level 5. HP: 17/35 MP: 0/9
  2841 | D:3      | Noticed Terence
  3180 | D:4      | Found a hazy altar of Hepliaklqana.
  3303 | D:4      | Reached XP level 6. HP: 21/41 MP: 3/10
  3351 | D:4      | Reached skill level 5 in Conjurations
  3524 | D:4      | Noticed a phantom
  3560 | D:4      | Reached skill level 1 in Short Blades
  3566 | D:4      | Noticed Duvessa
  3566 | D:4      | Noticed Dowan
  3811 | D:4      | Found a staircase to the Ecumenical Temple.
  3820 | Temple   | Entered the Ecumenical Temple
  4165 | D:4      | Found Ynnaeset's Jewellery Emporium.
  4299 | D:4      | Found a white marble altar of Elyvilon.
  4376 | D:4      | Found an opulent altar of Gozag.
  4376 | D:4      | Found a burning altar of Makhleb.
  4650 | D:5      | Entered Level 5 of the Dungeon
  4651 | D:5      | Noticed a phantom
  4678 | D:5      | Noticed Ijyb
  4690 | D:5      | Found a glowing drain.
  4777 | D:5      | Noticed an ogre
  4804 | D:5      | Killed an ogre
  4804 | D:5      | Reached skill level 1 in Shields
  4804 | D:5      | Reached XP level 7. HP: 46/46 MP: 1/11
  5169 | Sewer    | Entered a sewer
  6390 | D:6      | Noticed Blork the orc
  6428 | D:6      | Found Soangu's Book Shop.
  6656 | D:6      | Reached XP level 8. HP: 44/52 MP: 1/12
  6852 | D:6      | Found a sand-covered staircase.
  6875 | Ossuary  | Entered an ossuary
  7076 | Ossuary  | Reached skill level 5 in Stealth
  7361 | D:7      | Reached skill level 5 in Shields
  7435 | D:7      | Noticed Harold
  7458 | D:7      | Noticed a moth of wrath
  7460 | D:7      | Found a bloodstained altar of Trog.
  7480 | D:7      | Found a blossoming altar of Fedhas.
  7483 | D:7      | Found an ancient bone altar of Kikubaaqudgha.
  7487 | D:7      | Became a worshipper of Kikubaaqudgha
  7493 | D:7      | Found a sparkling altar of Nemelex Xobeh.
  7496 | D:7      | Found a deep blue altar of Sif Muna.
  7532 | D:7      | Reached XP level 9. HP: 57/57 MP: 8/14
  7660 | D:7      | Reached skill level 1 in Poison Magic
  7775 | D:7      | Reached skill level 1 in Fire Magic
  7832 | D:7      | Found a hide-covered altar of Uskayaw.
  8061 | D:7      | Reached skill level 1 in Air Magic
  8182 | D:6      | Reached skill level 2 in Poison Magic
  8309 | D:5      | Killed Blork the orc
  8643 | D:4      | Killed Ijyb
  8644 | D:4      | Reached skill level 3 in Poison Magic
  8753 | D:4      | Reached * piety under Kikubaaqudgha
  8753 | D:4      | Identified Kikubaaqudgha's Grimoire of Evil Rites
                  | (Kikubaaqudgha gifted it to you on level 4 of the Dungeon)
  8753 | D:4      | Received a gift from Kikubaaqudgha
  8878 | D:3      | Killed Terence
  8913 | D:3      | Killed Dowan
  8927 | D:3      | Killed Duvessa
  9000 | D:2      | Killed Robin
  9000 | D:2      | Reached skill level 4 in Poison Magic
  9109 | D:7      | Killed Harold
  9109 | D:7      | Reached skill level 5 in Poison Magic
  9109 | D:7      | Reached XP level 10. HP: 35/63 MP: 10/16
  9145 | D:7      | Learned a level 3 spell: Regeneration
  9148 | D:7      | Learned a level 2 spell: Sublimation of Blood
  9205 | D:8      | Noticed an eight-headed hydra
  9251 | D:8      | Noticed a two-headed ogre
  9269 | D:8      | Killed a two-headed ogre
  9269 | D:8      | Reached skill level 1 in Fighting
  9269 | D:8      | Reached skill level 1 in Armour
  9269 | D:8      | Reached skill level 1 in Charms
  9269 | D:8      | Reached skill level 1 in Necromancy
  9269 | D:8      | Reached skill level 6 in Poison Magic
  9360 | D:8      | Noticed a two-headed ogre
  9471 | D:8      | Killed a two-headed ogre
  9556 | D:8      | Noticed an unseen horror
  9567 | D:8      | Killed an unseen horror
  9586 | D:8      | Reached skill level 7 in Poison Magic
  9587 | D:8      | Noticed Pikel
  9587 | D:8      | You fall through a shaft for 2 floors!
  9587 | D:10     | Entered Level 10 of the Dungeon
  9700 | D:10     | Reached XP level 11. HP: 65/75 MP: 14/18
  9749 | D:10     | Reached skill level 5 in Spellcasting
 10134 | D:9      | Reached skill level 1 in Polearms
 10564 | D:9      | Reached ** piety under Kikubaaqudgha
 10564 | D:9      | Reached skill level 1 in Evocations
 10804 | D:9      | Reached skill level 8 in Poison Magic
 10893 | D:9      | Found a staircase to the Orcish Mines.
 10921 | D:9      | Found Ebeffiup's Armour Shoppe.
 11293 | D:8      | Noticed an elephant
 11399 | D:8      | Killed Pikel
 11399 | D:8      | Reached *** piety under Kikubaaqudgha
 11399 | D:8      | Identified Kikubaaqudgha's Disquisition on Evil
                  | (Kikubaaqudgha gifted it to you on level 8 of the Dungeon)
 11399 | D:8      | Received a gift from Kikubaaqudgha
 11407 | D:8      | Learned a level 5 spell: Borgnjor's Vile Clutch
 11456 | D:8      | Killed an elephant
 11456 | D:8      | Reached skill level 5 in Armour
 11483 | D:8      | Reached skill level 5 in Fighting
 11691 | D:8      | Reached skill level 1 in Earth Magic
 11788 | D:8      | Reached XP level 12. HP: 86/86 MP: 11/20
 11788 | D:8      | Noticed Joseph
 11801 | D:8      | Killed Joseph
 11815 | D:8      | Found a staircase to the Lair.
 12117 | D:9      | Gained mutation: You are somewhat resistant to further
                  | mutation. [potion of mutation]
 12117 | D:9      | Gained mutation: You are partially covered in icy blue
                  | scales. (AC +2) [potion of mutation]
 12118 | D:9      | Lost mutation: You are somewhat resistant to further
                  | mutation. [potion of mutation]
 12118 | D:9      | Gained mutation: Your spells are a little harder to cast,
                  | but a little more powerful. [potion of mutation]
 12118 | D:9      | Gained mutation: You are somewhat resistant to further
                  | mutation. [potion of mutation]
 12119 | D:9      | Lost mutation: You are somewhat resistant to further
                  | mutation. [potion of mutation]
 12119 | D:9      | Lost mutation: Your spells are a little harder to cast, but
                  | a little more powerful. [potion of mutation]
 12119 | D:9      | Gained mutation: You have large cloven feet. [potion of
                  | mutation]
 12119 | D:9      | Gained mutation: You have hoof-like feet. [potion of
                  | mutation]
 12120 | D:9      | Lost mutation: You have hoof-like feet. [potion of
                  | mutation]
 12120 | D:9      | Lost mutation: You have large cloven feet. [potion of
                  | mutation]
 12120 | D:9      | Gained mutation: Potions are less effective at restoring
                  | your health. [potion of mutation]
 12120 | D:9      | Gained mutation: You are weak. (Str -2) [potion of
                  | mutation]
 12120 | D:9      | Gained mutation: You have an increased reservoir of magic.
                  | (+10% MP) [potion of mutation]
 12121 | D:9      | Lost mutation: You are weak. (Str -2) [potion of mutation]
 12121 | D:9      | Lost mutation: You have an increased reservoir of magic.
                  | (+10% MP) [potion of mutation]
 12121 | D:9      | Gained mutation: You are agile. (Dex +2) [potion of
                  | mutation]
 12121 | D:9      | Gained mutation: Your movements are slightly less
                  | encumbered by armour. (ER -2) [potion of mutation]
 12125 | Orc:1    | Entered Level 1 of the Orcish Mines
 12244 | Orc:1    | Reached skill level 5 in Necromancy
 12458 | Orc:2    | Entered Level 2 of the Orcish Mines
 12468 | Orc:2    | Noticed a sixfirhy
 12573 | Orc:1    | Reached **** piety under Kikubaaqudgha
 12880 | Orc:1    | Reached skill level 5 in Evocations
 13003 | Orc:2    | Noticed a two-headed ogre
 13087 | Orc:2    | Killed a two-headed ogre
 13087 | Orc:2    | Reached skill level 5 in Earth Magic
 13095 | Orc:2    | Noticed a two-headed ogre
 13099 | Orc:2    | Killed a two-headed ogre
 13125 | Orc:2    | Noticed an orc high priest
 13130 | Orc:2    | Found a staircase to the Elven Halls.
 13134 | Orc:2    | Noticed a two-headed ogre
 13139 | Orc:2    | Noticed a deep troll
 13226 | Orc:2    | Noticed a two-headed ogre
 13293 | Orc:1    | Killed a two-headed ogre
 13457 | Orc:1    | Killed a deep troll
 13501 | Orc:2    | Slain by a troll

Skill      XL: |  1  2  3  4  5  6  7  8  9 10 11 12 |
---------------+-------------------------------------+-----
Conjurations   | 1 2 3 4 5 6 |  6.0
Short Blades   | 2 3 4 |  4.1
Shields        | 1 3 5 6 |  6.0
Stealth        | 4 6 |  6.1
Poison Magic   | 5 7 8 |  8.0
Fire Magic     | 4 |  4.2
Air Magic      | 3 4 |  4.0
Spellcasting   | 4 5 6 |  6.0
Fighting       | 3 5 |  5.0
Armour         | 3 5 |  5.0
Dodging        | 3 |  3.0
Charms         | 2 4 |  4.0
Necromancy     | 2 4 7 |  7.1
Polearms       | 3 4 |  4.0
Evocations     | 3 6 |  6.0
Earth Magic    | 1 6 |  6.4
Summonings     | |  1.0
Translocations | |  0.8

Action                   |  1- 3 |  4- 6 |  7- 9 | 10-12 || total
-------------------------+-------+-------+-------+-------++-------
Melee: Unarmed           |     2 |       |       |       ||     2
       Whip              |     7 |       |       |       ||     7
       Short sword       |    10 |    42 |   274 |   471 ||   797
       Halberd           |       |     1 |       |       ||     1
       Spear             |       |       |       |   155 ||   155
Throw: Stone             |       |    11 |       |     5 ||    16
 Cast: Magic Dart        |    64 |   162 |   121 |    52 ||   399
       Mephitic Cloud    |       |     8 |    31 |    75 ||   114
       Conjure Flame     |       |     1 |     1 |    37 ||    39
       Regeneration      |       |       |       |    32 ||    32
       Sublimation of Bl |       |       |       |     7 ||     7
 Abil: Dig               |     2 |    12 |    14 |    28 ||    56
Evoke: Wand              |       |       |       |     1 ||     1
  Use: Potion            |       |     1 |       |     5 ||     6
       Scroll            |       |    13 |     5 |     8 ||    26
 Stab: Sleeping          |     1 |     2 |     3 |     5 ||    11
       Confused          |       |     1 |     7 |    48 ||    56
  Eat: Chunk             |     1 |     9 |    27 |    30 ||    67
       Ration            |       |     1 |       |       ||     1
Armor: Robe              |    15 |     3 |     7 |    16 ||    41
       Skin              |       |       |     7 |       ||     7
       Steam dragon scal |       |       |       |    23 ||    23
       Troll leather arm |       |       |       |    43 ||    43
Dodge: Dodged            |    42 |    42 |   101 |   243 ||   428
Block: Buckler           |       |       |     6 |    94 ||   100
